 Dungeon Crawl Stone Soup version 0.30.1-4-g462c640d31 (webtiles) character file.

Game seed: 14185740621424170287

3140 Ivernyr the Fighter (level 10, -4/78 HPs)
             Began as a Djinni Fire Elementalist on Sept 15, 2023.
             Was a Follower of Elyvilon.
             Slain by a yak (14 damage)
             ... on level 7 of the Dungeon on Sept 18, 2023.
             The game lasted 00:23:18 (7487 turns).

Ivernyr the Fighter (Djinni Fire Elementalist)      Turns: 7487, Time: 00:23:18

Health: -4/78      AC:  2    Str:  7    XL:     10   Next: 14%
Gold:   426        EV: 32    Int: 21    God:    Elyvilon [*.....] SH:  0 Dex: 20

rFire   + + .        d - +2 dagger (venom)
rCold   x . .        (no shield)
rNeg    . . .        a - +0 robe
rPois   ∞            (no helmet)
rElec   .            (no cloak)
rCorr   .            (no gloves)
SInv    .            (boots unavailable)
Will    +....        k - amulet of the acrobat
Stlth   ++           E - +6 ring of dexterity
HPRegen 0.33/turn    (no ring)
MPRegen 0.00/turn

%: acrobat, infuse magic (-5 HP)
@: acrobatic, flying, very slightly contaminated
A: sickness immunity, fire resistance 2, cold vulnerability 1, float, innate
caster, HP casting, extra vitality 1
a: Renounce Religion, Purification


You were on level 7 of the Dungeon.
You worshipped Elyvilon.
Elyvilon was aware of your devotion.
You visited 2 branches of the dungeon, and saw 9 of its levels.

You collected 426 gold pieces.

Inventory:

Hand Weapons
 d - a +2 dagger of venom (weapon)
Armour
 a - a +0 robe (worn)
Jewellery
 k - an amulet of the acrobat (around neck)
 C - an amulet of faith
 E - a +6 ring of dexterity (left hand)
Wands
 D - a wand of mindburst (25)
 F - a wand of flame (8)
Scrolls
 b - 4 scrolls of identify {unknown}
 c - 2 scrolls of vulnerability {unknown}
 j - 3 scrolls of torment {unknown}
 l - a scroll of blinking {unknown}
 n - 2 scrolls of enchant weapon {unknown}
 o - a scroll of noise {unknown}
 q - 2 scrolls of teleportation {unknown}
 t - 2 scrolls of immolation {unknown}
 v - 3 scrolls of fear {unknown}
 w - 2 scrolls of enchant armour {unknown}
 y - a scroll of magic mapping {unknown}
 A - a scroll of brand weapon {unknown}
Potions
 e - 4 potions of attraction {unknown}
 f - a potion of experience {unknown}
 g - 2 potions of brilliance {unknown}
 h - a potion of flight {unknown}
 i - 5 potions of lignification {unknown}
 m - 2 potions of might {unknown}
 p - 2 potions of haste {unknown}
 r - a potion of resistance {unknown}
 s - 3 potions of invisibility {unknown}
 u - 2 potions of cancellation {unknown}
 x - 2 potions of curing {unknown}
 z - 4 potions of mutation {unknown}
 B - 3 potions of heal wounds {unknown}


   Skills:
 * Level 9.6 Fighting
 + Level 7.7 Dodging
 - Level 1.5 Stealth
 + Level 5.7 Spellcasting


You knew the following spells:

 Your Spells              Type           Power      Damage    Failure   Level
a - Foxfire               Conj/Fire      100%       2x1d9     1%          1
b - Scorch                Fire           60%        2d8       1%          2
c - Volatile Blastmotes   Fire/Tloc      60%        2d15      2%          3
d - Inner Flame           Hex/Fire       30%        N/A       2%          3
e - Flame Wave            Conj/Fire      30%        2d9       10%         4
f - Shock                 Conj/Air       100%       1d9       1%          1
g - Poisonous Vapours     Pois/Air       60%        N/A       1%          2
h - Static Discharge      Conj/Air       60%        2-5/arc   1%          2
i - Vampiric Draining     Necr           30%        2d8       2%          3
Your spell library was empty.

Dungeon Overview and Level Annotations

Branches:
Dungeon (8/15)             Temple (1/1) D:4
   Lair: D:8-11

Altars:
Ashenzari
Elyvilon
Fedhas
Gozag
Hepliaklqana
Nemelex Xobeh
Okawaru
Qazlal
Trog
Uskayaw
Yredelemnul
The Shining One

Shops:
D:1 [


Innate Abilities, Weirdness & Mutations

You are immune to sickness and miasma.
You are immune to poison.
Your flesh is very heat resistant. (rF++)
You are vulnerable to cold. (rC-)
You float through the air rather than walking.
You learn spells naturally, not from books.
Your magical power is your life essence.
You have superior vitality. (+4 MHP)


Message History

HP restored.
There is a stone staircase leading down here.
You fly downwards.
You hear the roar of battle.
There is an entrance to a bailey on this level.
Hurry and find it before the portal closes forever!
You hear the creaking of a portcullis nearby.
The yak bellows!
The wyvern bites you! The water moccasin barely misses you.
The wyvern bites you! The water moccasin closely misses you.
The yak misses you. The yak gores you but does no damage.
The wyvern misses you.
There is a stone staircase leading up here.
The water moccasin closely misses you. The wyvern barely misses you.
The yak gores you! The yak gores you but does no damage.
You fly upwards.
There is a stone staircase leading down here.
Casting: Scorch (safe; 1% risk of failure)
Confirm with . or Enter, or press ? or * to list all spells.
Okay, then.
Casting: Scorch (safe; 1% risk of failure)
Confirm with . or Enter, or press ? or * to list all spells.
Casting: Flame Wave (dangerous; 10% risk of failure)
Press: ? - help, Dir - look around, f - activate You miscast Flame Wave.
You are very lightly contaminated with residual magic.
Nothing appears to happen.
The wyvern completely misses you. The yak gores you. x2
The wyvern closely misses you. The wyvern bites you. The yak misses you.
The yak gores you!
* * * LOW HITPOINT WARNING * * *
The wyvern closely misses you.
The yak snorts and paws the ground.
The yak completely misses you. x2; The wyvern misses you.
Unknown command.
The wyvern completely misses you. The yak closely misses you.
The yak gores you.
* * * LOW HITPOINT WARNING * * *
The wyvern barely misses you. The yak gores you.
* * * LOW HITPOINT WARNING * * *
The yak gores you!
You die...

##### #.#.# ##P.##
#_...# #....###
#_.⌠P'.# #.P..#.##
#####_...#..########
....P#..##.....l@YS#
################Y#.#
########.#.#
#..........#
###.######.#####
#......#.......#
#.###..#.#.###.#
#........#.<##.#
##########.....#


You could see 2 yaks, a water moccasin and a wyvern.

Vanquished Creatures
  Grinder (D:3)
  A hornet (D:7)
  Sigmund (D:4)
  A wyvern (D:8)
  A basilisk (D:7)
  A steam dragon (D:7)
  2 water moccasins
  An orc warrior (D:7)
  A sky beast (D:6)
  3 ogres
  2 centaurs
  A phantom (D:5)
  A bullfrog (D:6)
  2 scorpions (D:5)
  5 wights (D:7)
  6 killer bees
  A howler monkey (D:5)
  3 orc priests (D:5)
  2 hounds
  3 jellies
  A sleepcap (D:5)
  Jessica (D:2)
  2 iguanas (D:5)
  An orc wizard (D:5)
  A mummy (D:4)
  3 gnolls (D:4)
  8 adders
  2 shadow imps
  A worm (D:2)
  2 dart slugs
  16 orcs
  5 ball pythons
  8 bats
  4 endoplasms
  A giant cockroach (D:4)
  7 hobgoblins
  5 jackals
  5 quokkas
  5 frilled lizards
  5 goblins
  A hobgoblin zombie (D:4)
  5 kobolds
  3 kobold zombies (D:4)
  6 rats
137 creatures vanquished.

Vanquished Creatures (collateral kills)
  A foxfire (D:7)
1 creature vanquished.

Vanquished Creatures (others)
  318 foxfires
318 creatures vanquished.

Grand Total: 456 creatures vanquished

Notes
Turn   | Place    | Note
-------+----------+-------------------------------------------
     0 | D:1      | Ivernyr the Djinni Fire Elementalist began the quest for
                  | the Orb.
     0 | D:1      | Ivernyr set off with the following spells memorised:
                  | Foxfire, Scorch, Volatile Blastmotes, Inner Flame, Flame
                  | Wave.
     0 | D:1      | Reached XP level 1. HP: 15/15 MP: 0/0
   281 | D:1      | Reached XP level 2. HP: 20/22 MP: 0/0
   283 | D:1      | Reached skill level 1 in Fighting
   684 | D:1      | Reached XP level 3. HP: 26/27 MP: 0/0
   684 | D:1      | Learned a level 1 spell: Shock
   689 | D:1      | Found Inam's Antique Armour Boutique.
   999 | D:2      | Reached skill level 2 in Fighting
  1274 | D:2      | Reached XP level 4. HP: 29/33 MP: 0/0
  1406 | D:2      | Noticed Jessica
  1410 | D:2      | Killed Jessica
  2207 | D:3      | Reached XP level 5. HP: 40/40 MP: 0/0
  2207 | D:3      | Learned a level 2 spell: Poisonous Vapours
  2308 | D:3      | Reached skill level 3 in Fighting
  2389 | D:3      | Noticed Grinder
  2402 | D:3      | Killed Grinder
  2403 | D:3      | Reached skill level 4 in Fighting
  2403 | D:3      | Reached XP level 6. HP: 8/47 MP: 0/0
  3124 | D:4      | Noticed an ogre
  3133 | D:4      | Killed an ogre
  3134 | D:4      | Reached XP level 7. HP: 46/53 MP: 0/0
  3134 | D:4      | Learned a level 2 spell: Static Discharge
  3172 | D:4      | Noticed Sigmund
  3177 | D:4      | Killed Sigmund
  3178 | D:4      | Reached skill level 5 in Fighting
  3342 | D:4      | Found a staircase to the Ecumenical Temple.
  3379 | Temple   | Entered the Ecumenical Temple
  3395 | Temple   | Became a worshipper of Elyvilon the Healer
  3869 | D:5      | Entered Level 5 of the Dungeon
  3959 | D:5      | Reached XP level 8. HP: 54/61 MP: 0/0
  3968 | D:5      | Reached skill level 5 in Dodging
  4182 | D:5      | Reached skill level 6 in Fighting
  4191 | D:5      | Found a glowing golden altar of the Shining One.
  4837 | D:5      | Found a broken altar of Ashenzari.
  4891 | D:5      | Reached * piety under Elyvilon
  5021 | D:6      | Reached skill level 7 in Fighting
  5268 | D:6      | Reached XP level 9. HP: 63/68 MP: 0/0
  5268 | D:6      | Learned a level 3 spell: Vampiric Draining
  6030 | D:6      | Reached skill level 8 in Fighting
  6030 | D:6      | Reached skill level 5 in Spellcasting
  6600 | D:7      | Reached ** piety under Elyvilon
  6751 | D:7      | Noticed a hornet
  6757 | D:7      | Killed a hornet
  6883 | D:7      | Reached skill level 9 in Fighting
  7079 | D:7      | Found a sparkling altar of Nemelex Xobeh.
  7193 | D:7      | Found an iron altar of Okawaru.
  7242 | D:8      | Reached XP level 10. HP: 71/78 MP: 0/0
  7487 | D:7      | Slain by a yak

Illustrated notes

Levels and vault maps discovered:
D:1:      mrwooster_arrival_statue_3, layout_basic, serial_shops, shop,
          minmay_unequal
D:2:      layout_basic, uniq_jessica
D:3:      layout_basic, kennysheep_generic_room_11, uniq_grinder
D:4:      layout_rooms, minmay_temple_entry_glass, minmay_mini_ossuary,
          uniq_sigmund
D:5:      layout_basic, mainiacjoe_overflow_paths, nicolae_ashenzari_skybound,
          chequers_serial_rivers_micro_a
D:6:      layout_loops_ring
D:7:      layout_basic, gammafunk_temple_overflow_forgotten, minmay_crossroads
D:8:      layout_rooms, minmay_lair_entry_grove, enter_bailey_2,
          nicolae_take_the_stairs, grunt_ministairs_8
Temple:   nicolae_temple_bog_church

Skill      XL: |  1  2  3  4  5  6  7  8  9 |
---------------+----------------------------+-----
Fighting       | 1 2 4 5 7 9 |  9.6
Dodging        | 3 4 6 7 |  7.7
Spellcasting   | 3 4 5 |  5.7
Stealth        | |  1.5

Action                     |  1- 3 |  4- 6 |  7- 9 | 10-12 || total
---------------------------+-------+-------+-------+-------++-------
  Melee: Unarmed           |     1 |       |       |       ||     1
         Dagger            |     3 |     3 |    41 |       ||    47
         Punch             |       |       |     1 |       ||     1
   Cast: Foxfire           |    39 |    17 |   144 |     4 ||   204
         Scorch            |     2 |     2 |    34 |     5 ||    43
         Shock             |    10 |    50 |     9 |       ||    69
         Poisonous Vapours |       |     1 |    13 |       ||    14
         Static Discharge  |       |       |     2 |       ||     2
         Volatile Blastmot |       |       |     3 |       ||     3
         Flame Wave        |       |       |     5 |     1 ||     6
 Invoke: Purification      |       |       |       |     3 ||     3
 Armour: Robe              |     2 |     2 |     9 |     3 ||    16
  Dodge: Dodged            |     1 |    13 |   103 |    35 ||   152
